 Dungeon Crawl Stone Soup version 0.27-a0-1140-g099f9bb0e8 (webtiles) character file.

Game seed: 7586750920801151590

6819 jasper the Blocker (level 10, -21/80 HPs)
             Began as a Demonspawn Wanderer on May 8, 2021.
             Was an Elder of Cheibriados.
             Blown up by Sonja (37 damage)
             ... with an orb of destruction
             ... on level 10 of the Dungeon.
             The game lasted 00:15:55 (10686 turns).

jasper the Blocker (Demonspawn Wanderer)           Turns: 10686, Time: 00:15:55

Health: -21/80     AC: 10    Str: 24    XL:     10   Next: 77%
Magic:  0/10       EV: 17    Int: 25    God:    Cheibriados [****..]
Gold:   312        SH: 20    Dex: 25    Spells: 7/9 levels left

rFire    + . .     SeeInvis .   a - +0 hand crossbow
rCold    . . .     Faith    .   b - +1 kite shield
rNeg     . . .     Spirit   +   I - +0 scale mail {rF+}
rPois    .         Reflect  +   (no helmet)
rElec    .         Harm     .   P - +2 cloak
rCorr    .         Rampage  .   (no gloves)
Will     .....                  k - +0 pair of boots
Stlth    ++........             f - amulet of reflection
HPRegen  0.23/turn              A - +4 ring of evasion
MPRegen  0.24/turn              B - +4 ring of evasion

@: very slow
A: hooves 1, thin skeletal structure 1, magic shield, magic regeneration, magic
link
a: Renounce Religion, Bend Time, Temporal Distortion, Slouch


You were on level 10 of the Dungeon.
You worshipped Cheibriados.
Cheibriados was greatly pleased with you.
You visited 2 branches of the dungeon, and saw 11 of its levels.

You collected 492 gold pieces.
You spent 180 gold pieces at shops.

Inventory:

Hand Weapons
 a - a +0 hand crossbow (weapon)
 h - a +0 broad axe
 r - the +10 hand axe "Ultimatum" {vorpal, rF+ Str+3}
   (You found it on level 4 of the Dungeon)

   It inflicts extra damage upon your enemies.
   It affects your strength (+3).
   It protects you from fire.
 u - a +2 vorpal flail
Missiles
 c - 81 bolts (quivered ammo)
 l - 10 poisoned darts
 p - 4 javelins
 w - a throwing net
Armour
 b - a +1 kite shield (worn)
 e - a +0 robe
 k - a +0 pair of boots (worn)
 o - a +0 leather armour
 y - a +0 chain mail
 F - +0 steam dragon scales
 I - a +0 scale mail of fire resistance (worn)
 P - a +2 cloak (worn)
Jewellery
 f - an amulet of reflection (around neck)
 A - a +4 ring of evasion (left hand)
 B - a +4 ring of evasion (right hand)
 C - a ring of wizardry
 E - a +6 ring of dexterity
 J - a ring of flight
 M - a ring of willpower
 O - an amulet of regeneration
 R - a ring of see invisible
Wands
 v - a wand of charming (8)
 L - a wand of polymorph (4)
Scrolls
 d - 5 scrolls of teleportation
 m - 3 scrolls of noise
 s - a scroll of amnesia
 t - a scroll of fog
 G - a scroll of enchant armour
 N - 2 scrolls of vulnerability
 Q - a scroll of identify
Potions
 g - 2 potions of degeneration
 i - 2 potions of mutation
 j - 4 potions of haste
 n - a potion of resistance {unknown}
 q - 3 potions of curing {unknown}
 x - a potion of flight {unknown}
 z - 4 potions of attraction {unknown}
 D - a potion of invisibility
 H - a potion of heal wounds
 K - a potion of might {unknown}


   Skills:
 - Level 8.0 Fighting
 + Level 7.8 Axes
 - Level 5.0 Crossbows
 - Level 1.7 Armour
 + Level 10.4 Shields


You had 7 spell levels left.
You knew the following spells:

 Your Spells              Type           Power      Damage    Failure   Level
a - Wereblood             Tmut           0%         N/A       67%         2

Your spell library contained the following spells:

 Spells                   Type           Power      Damage    Failure   Level
 Beastly Appendage        Tmut           0%         N/A       52%         1
 Spider Form              Tmut/Pois      0%         N/A       88%         3
 Ice Form                 Ice/Tmut       0%         N/A       99%         4
 Hydra Form               Tmut           0%         N/A       100%        5


Dungeon Overview and Level Annotations

Branches:
Dungeon (10/15)            Temple (1/1) D:4
   Lair: D:8-11         Orc: D:9-12

Altars:
Ashenzari
Cheibriados
Dithmenos
Elyvilon
Fedhas
Gozag
Hepliaklqana
Makhleb
Nemelex Xobeh
Okawaru
Qazlal
Ru
Sif Muna
Trog
Uskayaw
Vehumet
Wu Jian
Xom
Zin
The Shining One

Shops:
D:5 !(   D:7 *

Annotations:
D:3 1 runed translucent door, exclusion: 3 doors, Crazy Yiuf


Innate Abilities, Weirdness & Mutations

You have large cloven feet.
You have a somewhat thin skeletal structure. (Dex +2, Stealth+)
When hurt, damage is shared between your health and your magic reserves.
You regenerate magic rapidly.
When low on magic, you restore magic in place of health.


Message History

Aim: Sonja the orb spider (moderately wounded, 72% to hit)
You shoot a bolt. The bolt barely misses Sonja.
The orb of destruction reflects off an invisible shield around you!
Fire: 86 bolts
Press: ? - help, Q - select action, (/) - cycle Shift-Dir - straight line, f/p - Sonja
Aim: Sonja the orb spider (moderately wounded, fully charged, 72% to hit)
You shoot a bolt. The bolt hits Sonja but does no damage.
Sonja is moderately wounded.
Sonja weaves a glowing orb of energy.
An orb of destruction comes into view.
Fire: 85 bolts
Press: ? - help, Q - select action, (/) - cycle Shift-Dir - straight line, f/p - Sonja
Aim: Sonja the orb spider (moderately wounded, 72% to hit)
You shoot a bolt. The bolt hits Sonja.
Sonja is heavily wounded.
Fire: 84 bolts
Press: ? - help, Q - select action, (/) - cycle Shift-Dir - straight line, f/p - Sonja
Aim: Sonja the orb spider (magical condensation, heavily wounded, 72% to hit)
You shoot a bolt. The bolt hits Sonja.
Sonja is heavily wounded.
The orb of destruction hits you!!
* * * LOW HITPOINT WARNING * * *
You take 28 damage, and have 15/80 hp.
MASSIVE DAMAGE!!
You now have 3/10 mp.
Fire: 83 bolts
Press: ? - help, Q - select action, (/) - cycle Shift-Dir - straight line, f/p - Sonja
Aim: Sonja the orb spider (heavily wounded, fully charged, 72% to hit)
You shoot a bolt. The bolt hits Sonja!
Sonja is almost dead.
Fire: 82 bolts
Press: ? - help, Q - select action, (/) - cycle Shift-Dir - straight line, f/p - Sonja
Aim: Sonja the orb spider (almost dead, fully charged, 72% to hit)
You shoot a bolt. The bolt hits Sonja!
You kill Sonja!
Cheibriados thoroughly appreciates the change of pace.
Cheibriados raises the support of your attributes as your movement slows.
Sonja returns to her original shape as she dies.
The orb of destruction reflects off an invisible shield around you!
An orb of destruction is nearby!
The orb of destruction hits you!!!
You die...

........# #.........#
.##.....# #.........#
#.....# #.........#
#.....# #..........
#.....# #........##
#.....# #........#
.##.....####........#
...............
.......@.......
.....(.○.......
......(☼.####..
.°..(.(○(# #
.......○.# ...°○○°..#
...(.....# ...(.....#


There were no monsters in sight!

Vanquished Creatures
  A centaur warrior (D:10)
  Pikel (D:9)
  An orb spider (D:10)
  Joseph (D:9)
  Grinder (D:4)
  A wyvern (D:8)
  2 wraiths
  Eustachio (D:5)
  4 yaks (D:8)
  Grum (D:10)
  A steam dragon (D:7)
  A water moccasin (D:6)
  3 orc warriors
  A black bear (D:5)
  3 sky beasts
  An ogre (D:4)
  2 wolves (D:10)
  6 centaurs
  4 bullfrogs
  A wyvern zombie (D:8)
  Blork the orc (D:6)
  A scorpion (D:5)
  A howler monkey (D:6)
  5 wights (D:9)
  A bullfrog zombie (D:3)
  4 centaur zombies
  2 jellies
  4 hounds
  2 gnoll shamans
  2 orc priests
  A centaur skeleton (D:4)
  2 iguanas
  3 orc wizards
  A hound skeleton (D:4)
  11 gnolls
  9 adders
  A river rat (D:3)
  A shadow imp (D:5)
  A white imp (D:7)
  An ufetubus (D:4)
  2 worms
  3 dart slugs
  24 orcs
  A bat zombie (D:3)
  5 endoplasms
  3 giant cockroaches
  7 goblins
  3 hobgoblins
  6 jackals
  7 kobolds
  4 quokkas
  8 ball pythons
  9 bats
  4 frilled lizards (D:1)
  9 rats
186 creatures vanquished.

Vanquished Creatures (collateral kills)
  An orc priest (D:7)
  An orc (D:7)
2 creatures vanquished.

Vanquished Creatures (others)
  12 plants (D:7)
12 creatures vanquished.

Grand Total: 200 creatures vanquished

Notes
Turn   | Place    | Note
-------+----------+-------------------------------------------
     0 | D:1      | jasper the Demonspawn Wanderer began the quest for the Orb.
     0 | D:1      | jasper set off with the following items: a +0 hand
                  | crossbow, a +0 kite shield, 20 bolts, a scroll of
                  | teleportation, a +0 robe
     0 | D:1      | Reached XP level 1. HP: 18/18 MP: 1/1
    71 | D:1      | Reached skill level 2 in Shields
   102 | D:1      | Gained mutation: You regenerate magic rapidly. [demonic
                  | ancestry]
   102 | D:1      | Reached XP level 2. HP: 24/24 MP: 2/2
  1142 | D:1      | Reached XP level 3. HP: 29/29 MP: 3/3
  1147 | D:1      | Identified a scroll of acquirement
  1147 | D:1      | Acquired an amulet of reflection
  1435 | D:2      | You fall into a shaft and drop 1 floor!
  1453 | D:3      | Gained mutation: When hurt, damage is shared between your
                  | health and your magic reserves. [demonic ancestry]
  1453 | D:3      | Reached XP level 4. HP: 23/35 MP: 4/4
  1463 | D:3      | HP: 2/52 [bullfrog zombie (5)]
  1848 | D:3      | Found an iron altar of Okawaru.
  2259 | D:2      | Found a faded altar of an unknown god.
  2373 | D:2      | Reached XP level 5. HP: 38/42 MP: 5/5
  3589 | D:3      | Reached skill level 3 in Shields
  3769 | D:3      | Found a runed translucent door.
  3770 | D:3      | Noticed Crazy Yiuf
  3962 | D:4      | Found a staircase to the Ecumenical Temple.
  3971 | Temple   | Entered the Ecumenical Temple
  4076 | Temple   | Became a worshipper of Cheibriados the Contemplative
  4183 | D:4      | Noticed an ogre
  4189 | D:4      | Killed an ogre
  4190 | D:4      | Gained mutation: You have a somewhat thin skeletal
                  | structure. (Dex +2, Stealth+) [demonic ancestry]
  4190 | D:4      | Reached XP level 6. HP: 25/48 MP: 3/6
  4369 | D:4      | Identified the +10 hand axe "Ultimatum" {vorpal, rF+ Str+3}
  4503 | D:4      | Noticed a sky beast
  4510 | D:4      | Killed a sky beast
  4511 | D:4      | Reached skill level 5 in Crossbows
  4714 | D:4      | Learned a level 2 spell: Wereblood
  4982 | D:4      | Reached * piety under Cheibriados
  5278 | D:5      | Entered Level 5 of the Dungeon
  5278 | D:5      | Noticed Grinder
  5282 | D:5      | Noticed a sky beast
  5287 | D:4      | Killed Grinder
  5288 | D:4      | Reached skill level 5 in Fighting
  5288 | D:4      | Reached skill level 1 in Axes
  5288 | D:4      | Reached skill level 4 in Shields
  5288 | D:4      | Reached XP level 7. HP: 43/56 MP: 5/7
  5536 | D:5      | Found Lerphuid's Distillery.
  5553 | D:5      | Bought a potion of heal wounds for 60 gold pieces
  5577 | D:5      | Noticed Eustachio
  5609 | D:5      | Killed Eustachio
  5610 | D:5      | Reached skill level 5 in Shields
  5733 | D:5      | Found Cougixom's Weapon Boutique.
  5764 | D:5      | You fall into a shaft and drop 3 floors!
  5863 | D:7      | Gained mutation: You have large cloven feet. [demonic
                  | ancestry]
  5863 | D:7      | Reached XP level 8. HP: 49/64 MP: 8/8
  5986 | D:7      | Found Hemeonah's General Store.
  5994 | D:6      | Noticed Blork the orc
  6004 | D:6      | Killed Blork the orc
  6009 | D:6      | Reached skill level 6 in Shields
  6458 | D:5      | Reached ** piety under Cheibriados
  6628 | D:5      | Found an opulent altar of Gozag.
  6780 | D:5      | Reached skill level 7 in Shields
  7140 | D:6      | Reached XP level 9. HP: 69/71 MP: 7/9
  7521 | D:7      | Bought a potion of invisibility for 96 gold pieces
  7521 | D:7      | Bought a scroll of identify for 24 gold pieces
  8065 | D:7      | Found a shadowy altar of Dithmenos.
  8477 | D:8      | Reached *** piety under Cheibriados
  8598 | D:8      | Reached skill level 8 in Shields
  8604 | D:8      | Reached skill level 5 in Axes
  9439 | D:9      | Reached skill level 9 in Shields
  9657 | D:9      | Reached **** piety under Cheibriados
  9658 | D:9      | Gained mutation: When low on magic, you restore magic in
                  | place of health. [demonic ancestry]
  9658 | D:9      | Reached XP level 10. HP: 80/80 MP: 10/10
  9752 | D:9      | Noticed Pikel
  9762 | D:9      | Killed Pikel
 10160 | D:9      | Noticed Joseph
 10165 | D:9      | Killed Joseph
 10227 | D:10     | Entered Level 10 of the Dungeon
 10228 | D:10     | Noticed Grum
 10237 | D:10     | Killed Grum
 10293 | D:10     | Noticed a centaur warrior
 10303 | D:10     | Killed a centaur warrior
 10304 | D:10     | Reached skill level 10 in Shields
 10659 | D:10     | Noticed Sonja
 10668 | D:10     | Noticed Sonja
 10668 | D:10     | Sonja changed into Sonja the orb spider
 10680 | D:10     | Killed Sonja the orb spider
 10686 | D:10     | Blown up by Sonja

Illustrated notes

Levels and vault maps discovered:
D:1:      psy_arrival_radial02, layout_basic, minivault_5
D:2:      layout_basic, shapermc_ecumenical_altar_mp_vishouse
D:3:      layout_basic, okawaru_gym_becter, kennysheep_vampire_church,
          portal_sewer_entry_e, minmay_large_rounded_square, minmay_between,
          uniq_crazy_yiuf_cottage
D:4:      minmay_inner_zag, layout_basic, minmay_temple_entry_grid
D:5:      layout_gridville, grunt_gozag_statues, serial_shops, shop_fountains,
          kennysheep_mini_moat, uniq_eustachio, uniq_grinder
D:6:      layout_cave_pools, serial_column_ruins, column_ruins_hut,
          column_ruins_grid_1, column_ruins_open_small,
          column_ruins_columns_straight, column_ruins_open_tiny,
          uniq_blork_the_orc
D:7:      layout_basic, gammafunk_temple_overflow_elements, serial_shops,
          nicolae_shop_statue_plus, kennysheep_boxes
D:8:      layout_basic, nicolae_overflow_hidden_temple, enter_ossuary_3
D:9:      layout_loops_ring, uniq_pikel, uniq_joseph
D:10:     layout_long_grid, enter_trove_6, minmay_misc_feat_doors, uniq_sonja,
          uniq_grum
Temple:   regret_index_temple_sphere_string

Skill      XL: |  1  2  3  4  5  6  7  8  9 10 |
---------------+-------------------------------+-----
Crossbows      | 3 4 5 |  5.0
Shields        | 2 3 4 5 7 9 10 | 10.4
Fighting       | 4 5 6 8 |  8.0
Axes           | 1 2 4 5 7 |  7.8
Armour         | |  1.7

Action                   |  1- 3 |  4- 6 |  7- 9 | 10-12 || total
-------------------------+-------+-------+-------+-------++-------
Melee: Unarmed           |    18 |    57 |       |       ||    75
       Hand axe          |       |     2 |   148 |    45 ||   195
 Fire: Hand crossbow     |    74 |   120 |   109 |    46 ||   349
Throw: Dart              |       |    24 |     6 |       ||    30
Evoke: Wand              |       |       |     5 |     1 ||     6
  Use: Scroll            |     1 |     6 |     3 |     1 ||    11
       Potion            |       |     3 |     3 |       ||     6
 Stab: Invisible         |       |       |     1 |       ||     1
       Betrayed ally     |       |       |     1 |       ||     1
Armor: Robe              |    12 |     7 |       |       ||    19
       Leather armour    |       |    41 |    20 |       ||    61
       Steam dragon scal |       |       |     1 |       ||     1
       Scale mail        |       |       |       |     9 ||     9
Dodge: Dodged            |    19 |    49 |    80 |    22 ||   170
Block: Kite shield       |    29 |   127 |   203 |    47 ||   406
       Reflection        |       |     4 |    13 |    13 ||    30

Table legend: (Time is in decaauts)
 A = Elapsed time spent in this place.
 B = Non-inter-level travel time spent in this place.
 C = Inter-level travel time spent in this place.
 D = Time resting spent in this place.
 E = Time spent auto-exploring this place.
 F = Levels seen in this place.
 G = Mean time per level.
                   A        B        C        D        E       F      G
               +--------+--------+--------+--------+--------+-----+--------+
         Total |  12858 |  12454 |    404 |    994 |   9581 |  11 | 1168.9 |
       Dungeon |  12736 |  12356 |    380 |    994 |   9485 |  10 | 1273.6 |
        Temple |    122 |     99 |     23 |      0 |     96 |   1 |  122.0 |
               +--------+--------+--------+--------+--------+-----+--------+

Top non-repeatable levels by time:
     D:3: 1803 daAuts
     D:7: 1615 daAuts
     D:4: 1547 daAuts
     D:8: 1489 daAuts
     D:5: 1263 daAuts
     D:1: 1228 daAuts
     D:9: 1222 daAuts
     D:2: 1000 daAuts
     D:6: 993 daAuts
    D:10: 571 daAuts
  Temple: 122 daAuts
